 Dungeon Crawl Stone Soup version 0.30-a0-913-g9934a0ce24 (webtiles) character file.

Game seed: 9266088458211502950

71 Newt the Shooter (level 4, -2/45 HPs)
             Began as a Kobold Hunter on Mar 20, 2023.
             Slain by a sky beast (5 damage)
             ... on level 3 of the Dungeon.
             The game lasted 00:03:13 (2113 turns).

Newt the Shooter (Kobold Hunter)                    Turns: 2113, Time: 00:03:14

Health: -2/45      AC: 22    Str: 14    XL:     4   Next: 47%
Magic:  4/4        EV:  3    Int: 10    God:
Gold:   193        SH:  0    Dex: 20    Spells: 3/3 levels left

rFire   . . .      SeeInvis .    a - +1 shortbow
rCold   . . .      Faith    .    (shield currently unavailable)
rNeg    . . .      Spirit   .    c - melded +0 leather armour
rPois   +          Reflect  .    (helmet currently unavailable)
rElec   .          Rampage  .    (cloak currently unavailable)
rCorr   .          NoTele   +    j - melded +0 pair of gloves
Will    .....                    (boots currently unavailable)
Stlth   +++                      (no amulet)
HPRegen 0.27/turn                l - +6 ring of strength
MPRegen 0.09/turn                (no ring)

@: brilliant, tree-form
A: stationary, stasis, torment immunity, boosted hp, small, no large weapons,
nightstalker 3
a: no special abilities


You were on level 3 of the Dungeon.
You were a tree.
You visited 1 branch of the dungeon, and saw 3 of its levels.

You collected 193 gold pieces.

Inventory:

Hand Weapons
 a - a +1 shortbow (weapon)
Armour
 c - a +0 leather armour (melded)
 j - a +0 pair of gloves (melded)
Jewellery
 l - a +6 ring of strength (left branch)
Scrolls
 b - a scroll of immolation
 h - a scroll of amnesia
 k - a scroll of poison {unknown}
 m - a scroll of vulnerability {unknown}
 p - a scroll of noise {unknown}
Potions
 e - a potion of flight
 f - a potion of brilliance
 g - 2 potions of magic
 n - a potion of might


   Skills:
 + Level 4.8 Fighting
 - Level 5.3 Ranged Weapons
 - Level 2.4 Dodging
 - Level 1.3 Stealth


You had 3 spell levels left.
You didn't know any spells.
Your spell library contained the following spells:

 Spells                   Type           Power      Damage    Failure   Level
 Apportation              Tloc           0%         N/A       36%         1
 Necrotise                Necr           0%         1d4       36%         1
 Summon Small Mammal      Summ           0%         N/A       36%         1
 Call Canine Familiar     Summ           0%         N/A       75%         3
 Summon Guardian Golem    Hex/Summ       0%         N/A       75%         3


Dungeon Overview and Level Annotations

Branches:
Dungeon (3/15)

Altars:


Innate Abilities, Weirdness & Mutations

You are a tree.
Your roots penetrate the ground, keeping you stationary.
You cannot be teleported.
You are immune to unholy pain and torment.
Your maximum health is greatly increased.
Your equipment is partially melded.
You are small and have problems with some larger weapons.
You are completely attuned to the shadows.


Message History

You shoot an arrow. Something hits you. Something shocks you.
Something hits you. Something shocks you.
You are too injured to fight recklessly!
You are too injured to fight recklessly!
You are too injured to fight recklessly!
You are too injured to fight recklessly!
You are too injured to fight recklessly!
You are too injured to fight recklessly!
You shoot an arrow. Something hits you but does no damage.
You shoot an arrow. Something hits you but does no damage.
You shoot an arrow. Something hits you. Something shocks you.
* * * LOW HITPOINT WARNING * * *
You shoot an arrow. Something barely misses you. Something closely misses you.
You shoot an arrow. Something hits you.
* * * LOW HITPOINT WARNING * * *
Something shocks you.
* * * LOW HITPOINT WARNING * * *
You shoot an arrow. Something barely misses you.
Really quaff the potion of lignification?
You turn into a tree.
Your +0 pair of gloves melds into your body.
Your +0 leather armour melds into your body.
Your roots penetrate the ground.
Something hits you but does no damage.
Unknown command.
You cannot move.
You cannot move.
You cannot move.
You cannot move.
You cannot move.
You are too injured to fight recklessly!
Fire: a) +1 shortbow
Press: ? - help, Shift-Dir - straight line You shoot an arrow.
Something hits you but does no damage.
Unknown command.
Fire: a) +1 shortbow
Press: ? - help, Shift-Dir - straight line You shoot an arrow.
Something hits you.
* * * LOW HITPOINT WARNING * * *
Something shocks you.
You die...

#########
###......<#
#.......).#
#.#.#..##.#.#
#.#.....#.#.#
#^##.#....#.#
#.##.#....#{#
#.#....#..♣.#
#....########
######


There were no monsters in sight!

Vanquished Creatures
  3 adders (D:2)
  A worm (D:1)
  A dart slug (D:1)
  3 ball pythons (D:2)
  7 endoplasms
  3 giant cockroaches
  A goblin (D:1)
  A hobgoblin (D:1)
  3 kobolds
  2 quokkas (D:2)
  5 bats
  3 frilled lizards
  7 rats (D:1)
40 creatures vanquished.

Notes
Turn   | Place    | Note
-------+----------+-------------------------------------------
     0 | D:1      | Newt the Kobold Hunter began the quest for the Orb.
     0 | D:1      | Reached XP level 1. HP: 12/12 MP: 1/1
    95 | D:1      | Reached XP level 2. HP: 17/19 MP: 2/2
   372 | D:1      | Reached XP level 3. HP: 18/23 MP: 3/3
  1120 | D:2      | Reached XP level 4. HP: 30/30 MP: 4/4
  2101 | D:3      | Noticed a sky beast
  2113 | D:3      | Slain by a sky beast

Illustrated notes

Levels and vault maps discovered:
D:1:      minmay_arrival_cross, layout_loops_ring, hangedman_decor_growths
D:2:      layout_basic
D:3:      layout_basic

Skill      XL: |  1  2  3 |
---------------+----------+-----
Fighting       | 3 4 |  4.8
Ranged Weapons | |  5.3
Dodging        | |  2.4
Stealth        | |  1.3

Action                     |  1- 3 |  4- 6 || total
---------------------------+-------+-------++-------
   Fire: Shortbow          |    72 |    48 ||   120
    Use: Scroll            |     2 |     3 ||     5
         Potion            |       |     3 ||     3
 Armour: Leather armour    |     9 |     9 ||    18
         Skin              |       |     2 ||     2
  Dodge: Dodged            |    23 |    22 ||    45

Table legend: (Time is in decaauts)
 A = Elapsed time spent in this place.
 B = Non-inter-level travel time spent in this place.
 C = Inter-level travel time spent in this place.
 D = Time resting spent in this place.
 E = Time spent auto-exploring this place.
 F = Levels seen in this place.
 G = Mean time per level.
                   A        B        C        D        E       F      G
               +--------+--------+--------+--------+--------+-----+--------+
         Total |   2147 |   2069 |     78 |    186 |   1634 |   3 |  715.7 |
       Dungeon |   2147 |   2069 |     78 |    186 |   1634 |   3 |  715.7 |
               +--------+--------+--------+--------+--------+-----+--------+

Top non-repeatable levels by time:
     D:2: 1176 daAuts
     D:1: 917 daAuts
     D:3: 53 daAuts
